 Dungeon Crawl Stone Soup version 0.30-a0-862-g1aabd4f9c5 (webtiles) character file.

Game seed: 3283475305435000395

7829 holysushi the Slicer (level 11, -7/71 HPs)
             Began as an Octopode Monk on Mar 9, 2023.
             Was an Initiate of Gozag.
             Mangled by a gnoll sergeant
             ... wielding a +0 spear
              (13 damage)
             ... on level 10 of the Dungeon.
             The game lasted 00:20:39 (12053 turns).

holysushi the Slicer (Octopode Monk)               Turns: 12053, Time: 00:20:40

Health: -7/71      AC:  1    Str: 10    XL:     11   Next: 21%
Magic:  30/30      EV: 20    Int: 12    God:    Gozag
Gold:   870        SH:  0    Dex: 20    Spells: 10/12 levels left

rFire   + . .      SeeInvis .    y - +6 scimitar (freeze)
rCold   + . .      Faith    .    (no shield)
rNeg    . . .      Spirit   .    (helmet restricted)
rPois   +          Reflect  .    (no amulet)
rElec   +          Rampage  .    d - ring of magical power
rCorr   .                        e - ring of magical power
Will    .....                    B - ring of Aboan {rElec rF+}
Stlth   ++++++                   v - ring of Hyiryuf {rPois rC+}
HPRegen 0.31/turn                (no ring)
MPRegen 0.22/turn                (no ring)
                                 (no ring)
                                 (no ring)

@: gold aura, studying Stealth
A: almost no armour, amphibious, 8 rings, camouflage 1, gelatinous body 1,
(nimble swimmer 1), tentacles
a: Renounce Religion, Potion Petition, Call Merchant, Bribe Branch


You were on level 10 of the Dungeon.
You worshipped Gozag.
Gozag was pleased with you.
You visited 2 branches of the dungeon, and saw 11 of its levels.

You collected 1156 gold pieces.
You spent 286 gold pieces at shops.

Inventory:

Hand Weapons
 a - a +2 short sword
 k - a +0 shortbow
 y - a +6 scimitar of freezing (weapon)
Armour
 g - the +0 kite shield of Disaster {-Tele Will+ Int+4 SInv}
   (You bought it in a shop on level 3 of the Dungeon)

   Int:       It affects your intelligence (+4).
   SInv:      It lets you see invisible.
   -Tele:     It prevents most forms of teleportation.
   Will:      It increases your willpower.
Jewellery
 d - a ring of magical power (left tentacle)
 e - a ring of magical power (right tentacle)
 p - a ring of ice
 v - the ring of Hyiryuf (on tentacle) {rPois rC+}
   (You took it off an orc on level 6 of the Dungeon)

   [ring of protection from cold]

   rC:        It protects you from cold.
   rPois:     It protects you from poison.
 z - a ring of ice
 B - the ring of Aboan (on tentacle) {rElec rF+}
   (You took it off a gnoll bouda on level 7 of the Dungeon)

   [ring of protection from fire]

   rF:        It protects you from fire.
   rElec:     It insulates you from electricity.
Wands
 b - a wand of digging (3)
 o - a wand of paralysis (3)
 r - a wand of roots (3)
Scrolls
 f - 3 scrolls of vulnerability
 h - 6 scrolls of teleportation
 j - 3 scrolls of identify
 q - 3 scrolls of fog {unknown}
 w - a scroll of amnesia
 x - 3 scrolls of enchant armour
 A - a scroll of fear
Potions
 c - 3 potions of mutation
 i - 4 potions of resistance
 l - a potion of curing
 n - 3 potions of attraction
 s - 2 potions of brilliance
 t - a potion of cancellation
 u - a potion of heal wounds {unknown}
 C - a potion of lignification {unknown}
 D - a potion of flight {unknown}


   Skills:
 - Level 5.0 Fighting
 - Level 10.0(11.0) Short Blades
 * Level 7.2(9.7) Long Blades
 + Level 9.7 Dodging
 - Level 10.0 Stealth
 - Level 2.0 Shields
 - Level 1.0 Spellcasting
 - Level 1.0 Air Magic
 - Level 2.0 Poison Magic
 - Level 2.0 Evocations


You had 10 spell levels left.
You knew the following spells:

 Your Spells              Type           Power      Damage    Failure   Level
b - Poisonous Vapours     Pois/Air       8%         N/A       24%         2

Your spell library contained the following spells:

 Spells                   Type           Power      Damage    Failure   Level
 Cigotuvi's Dreadful Rot  Necr/Pois/Air  6%         N/A       30%         2
 Mephitic Cloud           Conj/Pois/Air  3%         N/A       52%         3
 Ignite Poison            Fire/Tmut/Pois 2%         N/A       56%         3
 Kindle Blastsparks       Fire/Tloc/Air  2%         2d10      63%         3
 Tukima's Dance           Hex            0%         N/A       65%         3
 Passage of Golubria      Tloc           0%         N/A       96%         4
 Freezing Cloud           Conj/Ice/Air   0%         6-21      100%        5
 Yara's Violent Unravell  Hex/Tmut       0%         3d3       100%        5


Dungeon Overview and Level Annotations

Branches:
Dungeon (10/15) Zot: 25558  Temple (1/1) D:7 Zot: 5892
   Lair: D:8-11         Orc: D:9-12

Altars:
Ashenzari
Cheibriados
Dithmenos
Elyvilon
Fedhas
Gozag
Hepliaklqana
Kikubaaqudgha
Makhleb
Nemelex Xobeh
Okawaru
Qazlal
Ru
Sif Muna
Trog
Uskayaw
Vehumet
Wu Jian
Xom
Yredelemnul
Zin
The Shining One

Shops:
D:1 (?([:   D:3 [   D:6 *

Annotations:
D:6 exclusion: shadow
D:9 exclusion: downstairs
D:10 3 runed translucent doors, drewk1942's ghost, journeyman MiFi


Innate Abilities, Weirdness & Mutations

You cannot wear most types of armour.
You are amphibious.
You can wear up to eight rings at the same time.
Your skin changes colour to match your surroundings (Stealth+).
Your rubbery body absorbs attacks. (AC +1, EV +1)
((You are camouflaged when in or above water. (Stealth+)))
You have tentacles for arms and can constrict up to eight enemies at once.


Message History

You feel your attacks grow feeble.
You hear a shout!
You hit the gnoll bouda. You freeze the gnoll bouda. You grab the gnoll bouda.
The gnoll bouda is moderately wounded.
You constrict the gnoll bouda, but do no damage.
The gnoll is distracted by your dazzling golden aura.
The gnoll bouda hits you but does no damage.
You slash the gnoll bouda! You freeze the gnoll bouda.
You kill the gnoll bouda!
A gnoll comes into view.
You swing at nothing.
The gnoll is no longer moving quickly.
Something closely misses you.
Deactivating autopickup; reactivate with Ctrl-A.
You miss something. You tentacle-slap something.
Your attacks no longer feel as feeble.
The gnoll is no longer distracted by gold.
Something hits you! Something hits you.
The gnoll throws a boomerang.
The boomerang completely misses you. Something hits you.
A gnoll sergeant comes into view. It is wielding a +0 spear.
The gnoll sergeant shouts!
You slash something! You freeze something. You squeeze something.
You hear a bark!
Something hits you.
You swing at nothing.
You slash the gnoll! You freeze the gnoll!
You kill the gnoll!
Something hits you. Something hits you!
You slash something! You freeze something. Something hits you.
The gnoll throws a boomerang.
The boomerang hits you.
You barely miss something. Something misses you.
You slash the gnoll! You freeze the gnoll.
You kill the gnoll!
Something closely misses you. Something hits you.
The gnoll sergeant hits you from afar with a +0 spear!
* * * LOW HITPOINT WARNING * * *
You barely miss something. Something misses you. Something hits you!
* * * LOW HITPOINT WARNING * * *
The gnoll sergeant hits you from afar with a +0 spear!
You die...
Your body crumbles into a pile of gold.

#. .... .###. #..# ....
#..## .# ... #... ..# #.
##..###.# # #.....#.######
##
#########.#....#.#..####.
$.....).$@................
####..g####..............
#.)/... ##...##.##.....
#...... #...#)........
#...... #.............
#....g. #).##.##.#....
####..g #.###.####....


'g.. $ #..##.......#. # #.<#..))...##. You could see a gnoll sergeant.

Vanquished Creatures
  Amaemon (D:9)
  A manticore (D:9)
  2 centaur zombies (D:10)
  Joseph (D:7)
  An orange demon (D:10)
  A kobold demonologist (D:9)
  A troll (D:9)
  A hornet (D:7)
  A steam dragon (D:8)
  An acid dragon (D:10)
  2 water moccasins
  An ice beast (D:5)
  A black bear (D:7)
  3 orc warriors
  An ogre (D:5)
  A phantom (D:4)
  6 centaurs
  3 bullfrogs
  3 gnoll sergeants (D:10)
  2 kobold brigands (D:9)
  4 scorpions
  11 wights
  11 killer bees (D:9)
  3 howler monkeys
  6 electric eels (D:9)
  7 hounds
  2 orc priests (D:10)
  5 gnoll boudas
  A jelly (D:4)
  Ijyb (D:5)
  A sleepcap (D:5)
  6 iguanas
  4 orc wizards
  32 gnolls
  5 adders
  3 shadow imps
  4 white imps
  2 ufetubi
  2 worms
  3 dart slugs
  34 orcs
  6 endoplasms
  A giant cockroach (D:4)
  8 goblins
  4 hobgoblins
  9 jackals
  5 quokkas
  6 ball pythons
  3 bats (D:1)
  5 frilled lizards
  21 kobolds
  7 rats
256 creatures vanquished.

Notes
Turn   | Place    | Note
-------+----------+-------------------------------------------
     0 | D:1      | holysushi the Octopode Monk began the quest for the Orb.
     0 | D:1      | Reached XP level 1. HP: 16/16 MP: 1/1
   127 | D:1      | Found Zuqeuw's Weapon Boutique.
   154 | D:1      | Found Lusio's Armour Boutique.
   275 | D:1      | Found Ciajouf's Book Shop.
   336 | D:1      | Reached XP level 2. HP: 17/21 MP: 2/2
   572 | D:1      | Reached XP level 3. HP: 20/26 MP: 3/3
   681 | D:1      | Found Acen's Weapon Shop.
   965 | D:1      | Found Giqism's Magic Scroll Shoppe.
   974 | D:1      | Bought a scroll of teleportation for 39 gold pieces
  1582 | D:2      | Reached XP level 4. HP: 31/31 MP: 4/4
  1945 | D:3      | Reached skill level 5 in Short Blades
  2230 | D:3      | Found a faded altar of an unknown god.
  2278 | D:3      | Found Ymoosucoa's Antique Armour Boutique.
  2497 | D:4      | Reached XP level 5. HP: 28/36 MP: 5/5
  2807 | D:4      | Noticed a phantom
  2830 | D:4      | Killed a phantom
  2831 | D:4      | Reached XP level 6. HP: 22/42 MP: 6/6
  3315 | D:5      | Entered Level 5 of the Dungeon
  3327 | D:5      | Reached skill level 1 in Evocations
  3568 | D:5      | Noticed an ice beast
  3572 | D:5      | Killed an ice beast
  3573 | D:5      | Reached XP level 7. HP: 38/46 MP: 7/7
  3684 | D:5      | Noticed Ijyb
  3692 | D:5      | Killed Ijyb
  4340 | D:5      | Reached XP level 8. HP: 52/52 MP: 8/8
  4838 | D:6      | Found Ofreh's Fire Supplies.
  4944 | D:6      | Noticed a shadow
  5013 | D:6      | Identified the ring of Hyiryuf {rPois rC+}
  5080 | D:6      | Reached skill level 10 in Short Blades
  5591 | D:7      | Reached skill level 1 in Long Blades
  5695 | D:7      | Reached skill level 5 in Stealth
  5695 | D:7      | Reached XP level 9. HP: 45/57 MP: 9/9
  5734 | D:7      | Reached skill level 5 in Dodging
  5740 | D:7      | Identified the ring of Aboan {rElec rF+}
  5931 | D:7      | Noticed a hornet
  5938 | D:7      | Killed a hornet
  5939 | D:7      | Found a glowing golden altar of the Shining One.
  5985 | D:7      | Found a hide-covered altar of Uskayaw.
  6071 | D:7      | Noticed Joseph
  6082 | D:7      | Killed Joseph
  6511 | D:7      | Found a bloodstained altar of Trog.
  6667 | D:7      | Found a staircase to the Ecumenical Temple.
  6748 | Temple   | Entered the Ecumenical Temple
  6845 | Temple   | Became a worshipper of Gozag Ym Sagoz the Greedy
  7119 | D:7      | Identified a scroll of acquirement
  7119 | D:7      | Acquired a manual of Stealth
  7904 | D:8      | Reached skill level 5 in Fighting
  7944 | D:8      | Reached XP level 10. HP: 60/66 MP: 10/10
  8419 | D:9      | Noticed a manticore
  8487 | D:9      | Killed a manticore
  8715 | D:3      | Bought a warped kite shield for 247 gold pieces
  8715 | D:3      | Identified the +0 kite shield of Disaster {-Tele Will+
                  | Int+4 SInv} (You bought it in a shop on level 3 of the
                  | Dungeon)
  9208 | D:9      | Reached skill level 1 in Shields
  9481 | D:9      | Learned a level 2 spell: Poisonous Vapours
  9780 | D:9      | Reached skill level 1 in Poison Magic
 10471 | D:9      | Noticed a kobold demonologist
 10490 | D:9      | Killed a kobold demonologist
 10491 | D:9      | Reached skill level 5 in Long Blades
 10595 | D:10     | Entered Level 10 of the Dungeon
 10613 | D:10     | Noticed Amaemon
 10949 | D:10     | Noticed an orange demon
 10954 | D:9      | Reached skill level 10 in Stealth
 11248 | D:9      | Killed Amaemon
 11249 | D:9      | Reached skill level 1 in Spellcasting
 11249 | D:9      | Reached skill level 1 in Air Magic
 11249 | D:9      | Reached XP level 11. HP: 48/71 MP: 10/12
 11550 | D:10     | Found a runed translucent gate.
 11550 | D:10     | Found a runed translucent gate.
 11550 | D:10     | Found a runed translucent gate.
 11550 | D:10     | Noticed drewk1942's ghost (journeyman MiFi)
 11552 | D:10     | Found a basalt altar of Yredelemnul.
 12053 | D:10     | Mangled by a gnoll sergeant

Illustrated notes

Levels and vault maps discovered:
D:1:      minmay_arrival_open_corners, layout_basic, serial_shops,
          nicolae_shop_bloodbath_and_beyond, shop,
          nicolae_shop_temple_entry_statues_fountains, nicolae_shop_waterfront,
          nicolae_shop_stone
D:2:      layout_loops_ring
D:3:      layout_basic, serial_shops, nicolae_shop_waterfront,
          shapermc_ecumenical_altar_mp_urbaneastern
D:4:      layout_rooms, minmay_misc_feat_secret_circle
D:5:      layout_basic, uniq_ijyb
D:6:      layout_rooms, nicolae_shop_fire_sale [nicolae_sub_dead_trees]
D:7:      layout_loops_ring, trog_hazing_becter,
          mainiacjoe_overflow_catch_the_wave, lemuel_temple_firewalk_a,
          uniq_joseph
D:8:      layout_basic
D:9:      layout_basic, kennysheep_boxes
D:10:     layout_cave_pools, nicolae_yredelemnul_ghost_church, special_room
          [special_room_orc], gammafunk_ghost_arena, serial_gnoll_camp,
          gnoll_camp_huts_basic, gnoll_camp_medium_02,
          gnoll_camp_mini_loothouse, gnoll_camp_mini_basic, uniq_amaemon
Temple:   nicolae_temple_two_arcs

Skill      XL: |  1  2  3  4  5  6  7  8  9 10 11 |
---------------+----------------------------------+-----
Short Blades   | 4 5 6 8 10 | 10.0
Dodging        | 4 7 9 |  9.7
Evocations     | 2 |  2.0
Stealth        | 4 5 7 10 | 10.0
Long Blades    | 1 3 6 7 |  7.2
Fighting       | 5 |  5.0
Shields        | 2 |  2.0
Poison Magic   | 2 |  2.0
Spellcasting   | 1 |  1.0
Air Magic      | 1 |  1.0

Action                     |  1- 3 |  4- 6 |  7- 9 | 10-12 || total
---------------------------+-------+-------+-------+-------++-------
  Melee: Short sword       |    65 |    99 |    87 |       ||   251
         Constrict         |    18 |    13 |    48 |    45 ||   124
         Tentacles         |    15 |    18 |    49 |    50 ||   132
         Scimitar          |       |       |   101 |   184 ||   285
         Punch             |       |       |     3 |     2 ||     5
   Cast: Poisonous Vapours |       |       |       |    46 ||    46
  Evoke: Wand              |       |     3 |    34 |     8 ||    45
    Use: Potion            |     1 |       |     1 |     1 ||     3
         Scroll            |     5 |     5 |     8 |     2 ||    20
   Stab: Sleeping          |     8 |     6 |    13 |     1 ||    28
         Distracted        |       |     1 |       |       ||     1
         Paralysed         |       |     2 |    11 |       ||    13
 Armour: Skin              |       |     5 |     9 |     6 ||    20
  Dodge: Dodged            |    43 |    50 |   125 |   173 ||   391

Table legend: (Time is in decaauts)
 A = Elapsed time spent in this place.
 B = Non-inter-level travel time spent in this place.
 C = Inter-level travel time spent in this place.
 D = Time resting spent in this place.
 E = Time spent auto-exploring this place.
 F = Levels seen in this place.
 G = Mean time per level.
                   A        B        C        D        E       F      G
               +--------+--------+--------+--------+--------+-----+--------+
         Total |  11971 |  11267 |    704 |   3159 |   5738 |  11 | 1088.3 |
       Dungeon |  11863 |  11167 |    696 |   3159 |   5669 |  10 | 1186.3 |
        Temple |    107 |    100 |      7 |      0 |     69 |   1 |  107.0 |
               +--------+--------+--------+--------+--------+-----+--------+

Top non-repeatable levels by time:
     D:9: 2436 daAuts
     D:5: 1521 daAuts
     D:7: 1513 daAuts
     D:8: 1399 daAuts
     D:1: 1047 daAuts
    D:10: 862 daAuts
     D:4: 852 daAuts
     D:6: 753 daAuts
     D:2: 739 daAuts
     D:3: 738 daAuts
  Temple: 107 daAuts
